Workbook

Sheet PLANILHA
A1: A Prefeitura Municipal de Santa Luzia - MG Objeto: construção de Quadras Sintéticas Tomada de Preço Nº 066/2023 Processo Administrativo Nº 7400/2023
F3: BDI | G3: 0.2369
A4: PLANILHA ORÇAMENTÁRIA | J4: ESTIMADO | K4: 1027870.2 | L4: =L5/K4 -> 0.14124162
A5: Item | B5: Descrição | C5: Unidade | D5: Quantidade | E5: Custo Unitário (sem BDI) (R$) | F5: Preço Unitário (com BDI) (R$) | G5: Preço Total (R$) | J5: PROPOSTO | K5: =G6 -> 882692.15 | L5: =K4-K5 -> 145178.05
A6: 2 | B6: QUADRA SINTÉTICA CURUMIM | G6: =SUM(G7,G13,G18,G34,G41,G53,G69,G75) -> 436015.94
A7: 2.1 | B7: SERVIÇOS PRELIMINARES | G7: =SUM(G8:G12) -> 26384.32
A8: 2.1.1 | B8: FORNECIMENTO E COLOCAÇÃO DE PLACA DE OBRA EM CHAPA GALVANIZADA #26, ESP. 0,45 MM, PLOTA DA COM ADESIVO VINÍLICO, AFIXADA COM REBITES 4,8X40 MM, EM ESTRUTURA METÁLICA DE METALON 20X20 MM, ESP. 1,25 MM, INCLUSIVE SUPORTE EM EUCALIPTO AUTOCLAVADO PINTADO COM TINTA PVA DUAS (2) DEMÃOS | C8: m² | D8: 4.5 | E8: =K8 -> 268.09 | F8: =ROUND(E8*(1+$G$5),2) -> 331.6 | G8: =ROUND(F8*D8,2) -> 1492.2 | J8: 297.88 | K8: =IF(J8="","",ROUND(J8*(1-$K$8-I8),2)) -> 268.09 | L8: =IF(J8="","",(J8-K8)/J8) -> 0.10000671
A9: 2.1.2 | B9: TAPUME PADRAO SUDECAP (TIPO I, II E III) - COMPENSADO 10MM FIXAÇAO ENTERRADA SEM INFORME PBH | C9: m | D9: 124.4 | E9: =K9 -> 94.29 | F9: =ROUND(E9*(1+$G$5),2) -> 116.63 | G9: =ROUND(F9*D9,2) -> 14508.77 | J9: 104.77 | K9: =IF(J9="","",ROUND(J9*(1-$K$8-I9),2)) -> 94.29 | L9: =IF(J9="","",(J9-K9)/J9) -> 0.10002863
A10: 2.1.3 | B10: LOCACAO CONVENCIONAL DE OBRA, UTILIZANDO GABARITO DE TÁBUAS CORRIDAS PONTALETADAS A CADA 2,00M - 2 UTILIZAÇÕES. AF_10/2018 | C10: m | D10: 116.4 | E10: =K10 -> 60.33 | F10: =ROUND(E10*(1+$G$5),2) -> 74.62 | G10: =ROUND(F10*D10,2) -> 8685.77 | J10: 67.03 | K10: =IF(J10="","",ROUND(J10*(1-$K$8-I10),2)) -> 60.33 | L10: =IF(J10="","",(J10-K10)/J10) -> 0.099955244
A11: 2.1.4 | B11: LIGAÇÃO DE ÁGUA PROVISÓRIA PARA CANTEIRO, INCLUSIVE HIDRÔMETRO E CAVALETE PARA MEDIÇÃO DE ÁGUA - ENTRADA PRINCIPAL, EM AÇO GALVANIZADO DN 20MM (1/2") - PADRÃO CONCESSIONÁRIA | C11: un | D11: 1 | E11: =K11 -> 338.72 | F11: =ROUND(E11*(1+$G$5),2) -> 418.96 | G11: =ROUND(F11*D11,2) -> 418.96 | J11: 376.36 | K11: =IF(J11="","",ROUND(J11*(1-$K$8-I11),2)) -> 338.72 | L11: =IF(J11="","",(J11-K11)/J11) -> 0.10001063
A12: 2.1.5 | B12: LIGAÇÃO PROVISÓRIA COM ENTRADA DE ENERGIA AÉREA, PADRÃO CEMIG, CARGA INSTALA DA DE 15,1KVA ATÉ 30KVA, TRIFÁ SICO , COM SAÍDA SUBTERRÂNEA, INCLUSIVE POSTE, CAIXA PARA MEDIDOR, DISJUNTOR, BARRAMENTO , ATERRAMENTO E ACESSÓRIOS | C12: un | D12: 1 | E12: =K12 -> 1033.73 | F12: =ROUND(E12*(1+$G$5),2) -> 1278.62 | G12: =ROUND(F12*D12,2) -> 1278.62 | J12: 1148.59 | K12: =IF(J12="","",ROUND(J12*(1-$K$8-I12),2)) -> 1033.73 | L12: =IF(J12="","",(J12-K12)/J12) -> 0.10000087
A13: 2.2 | B13: ADMINISTRAÇÃO LOCAL | G13: =SUM(G14:G17) -> 36540.3
A14: 2.2.1 | B14: ADMINISTRAÇÃO LOCAL | C14: un | D14: 1 | E14: =K14 -> 23958.8 | F14: =ROUND(E14*(1+$G$5),2) -> 29634.64 | G14: =ROUND(F14*D14,2) -> 29634.64 | J14: 26620.89 | K14: =IF(J14="","",ROUND(J14*(1-$K$8-I14),2)) -> 23958.8 | L14: =IF(J14="","",(J14-K14)/J14) -> 0.10000004
A15: 2.2.2 | B15: LOCACAO DE CONTAINER 2,30 X 6,00 M, ALT. 2,50 M, PARA ESCRITORIO, SEM DIVISORIAS INTERNAS E SEM SANITARIO (NAO INCLUI MOBILIZACAO/DESMOBILIZACAO) | C15: mês | D15: 3 | E15: =K15 -> 674.64 | F15: =ROUND(E15*(1+$G$5),2) -> 834.46 | G15: =ROUND(F15*D15,2) -> 2503.38 | J15: 749.6 | K15: =IF(J15="","",ROUND(J15*(1-$K$8-I15),2)) -> 674.64 | L15: =IF(J15="","",(J15-K15)/J15) -> 0.1
A16: 2.2.3 | B16: LOCACAO DE CONTAINER 2,30 X 4,30 M, ALT. 2,50 M, PARA SANITARIO, COM 3 BACIAS, 4 CHUVEIROS, 1 LAVATORIO E 1 MICTORIO (NAO INCLUI MOBILIZACAO/DESMOBILIZACAO) | C16: mês | D16: 3 | E16: =K16 -> 980.49 | F16: =ROUND(E16*(1+$G$5),2) -> 1212.77 | G16: =ROUND(F16*D16,2) -> 3638.31 | J16: 1089.43 | K16: =IF(J16="","",ROUND(J16*(1-$K$8-I16),2)) -> 980.49 | L16: =IF(J16="","",(J16-K16)/J16) -> 0.099997246
A17: 2.2.4 | B17: MOBILIZAÇÃO E DESMOBILIZAÇÃO DE CONTAINER, INCLUSIVE CARGA, DESCARGA E TRANSPORTE EM CAMINHÃO CARROCERIA COM GUINDAUT O (MUNCK), EXCLUSIVE LOCAÇÃO DO CONTAINER | C17: un | D17: 1 | E17: =K17 -> 617.65 | F17: =ROUND(E17*(1+$G$5),2) -> 763.97 | G17: =ROUND(F17*D17,2) -> 763.97 | J17: 686.28 | K17: =IF(J17="","",ROUND(J17*(1-$K$8-I17),2)) -> 617.65 | L17: =IF(J17="","",(J17-K17)/J17) -> 0.10000291
A18: 2.3 | B18: ALAMBRADO/FUNDAÇÃO DO ALAMBRADO | G18: =SUM(G19:G33) -> 109023.86
A19: 2.3.1 | B19: ALAMBRADO PARA QUADRA POLIESPORTIVA, ESTRUTURADO POR TUBOS DE ACO GALVANIZADO, COM COSTURA, DIN 2440, DIAMETRO 2 1/2", COM TELA DE ARAME GALVANIZADO, FIO 14 BWG E MALHA QUADRADA 5X5CM | C19: m² | D19: 393.98 | E19: =K19 -> 170.64 | F19: =ROUND(E19*(1+$G$5),2) -> 211.06 | G19: =ROUND(F19*D19,2) -> 83153.42 | I19: 0.18 | J19: 237 | K19: =IF(J19="","",ROUND(J19*(1-$K$8-I19),2)) -> 170.64 | L19: =IF(J19="","",(J19-K19)/J19) -> 0.28
A20: 2.3.2 | B20: PORTÃO EM TUBOS DE AÇO GALVANIZADO 2 1/2", COM COSTURA, DIN 244 0, COM TELA DE ARAME GALVANIZADO, FIO 14 BWG E MALHA QUADRADA 5x5CM - 0,9X2,10. | C20: un | D20: 2 | E20: =K20 -> 776.45 | F20: =ROUND(E20*(1+$G$5),2) -> 960.39 | G20: =ROUND(F20*D20,2) -> 1920.78 | J20: 862.72 | K20: =IF(J20="","",ROUND(J20*(1-$K$8-I20),2)) -> 776.45 | L20: =IF(J20="","",(J20-K20)/J20) -> 0.099997682
A21: 2.3.3 | B21: ESCAVAÇÃO MANUAL PARA BLOCO DE COROAMENTO OU SAPATA (INCLUINDO ESCAVAÇÃO PARA COLOCAÇÃO DE FÔRMAS). AF_06/2017 | C21: m³ | D21: 4.41 | E21: =K21 -> 79.75 | F21: =ROUND(E21*(1+$G$5),2) -> 98.64 | G21: =ROUND(F21*D21,2) -> 435 | J21: 88.61 | K21: =IF(J21="","",ROUND(J21*(1-$K$8-I21),2)) -> 79.75 | L21: =IF(J21="","",(J21-K21)/J21) -> 0.099988715
A22: 2.3.4 | B22: FABRICAÇÃO , MONTAGEM E DESMONTAGEM DE FÔRMA PARA BLOCO DE COROAMENTO , EM MADEIRA SERRADA, E=25 MM, 4 UTILIZAÇÕES. AF 06/2017 | C22: m² | D22: 19.44 | E22: =K22 -> 96.39 | F22: =ROUND(E22*(1+$G$5),2) -> 119.22 | G22: =ROUND(F22*D22,2) -> 2317.64 | J22: 107.1 | K22: =IF(J22="","",ROUND(J22*(1-$K$8-I22),2)) -> 96.39 | L22: =IF(J22="","",(J22-K22)/J22) -> 0.1
A23: 2.3.5 | B23: CONCRETAGEM DE ELEMENTOS DE FUNDAÇÃO, FCK 25 MPA, COM USO DE BOMBA LANÇAMENTO, ADENSAMENTO E ACABAMENTO . AF_06/2017 | C23: m³ | D23: 2.92 | E23: =K23 -> 674.99 | F23: =ROUND(E23*(1+$G$5),2) -> 834.9 | G23: =ROUND(F23*D23,2) -> 2437.91 | J23: 749.99 | K23: =IF(J23="","",ROUND(J23*(1-$K$8-I23),2)) -> 674.99 | L23: =IF(J23="","",(J23-K23)/J23) -> 0.10000133
A24: 2.3.6 | B24: ESTACA BROCA DE CONCRETO, DIAMETRO DE 30 CM, ESCAVAÇAO MANUAL COM TRADO CONCHA, EXCLUSIVE ARMAÇÃO - CONCRETO FCK=25MPa USINADO | C24: m | D24: 64 | E24: =K24 -> 60.81 | F24: =ROUND(E24*(1+$G$5),2) -> 75.22 | G24: =ROUND(F24*D24,2) -> 4814.08 | J24: 67.57 | K24: =IF(J24="","",ROUND(J24*(1-$K$8-I24),2)) -> 60.81 | L24: =IF(J24="","",(J24-K24)/J24) -> 0.1000444
A25: 2.3.7 | B25: LASTRO DE CONCRETO MAGRO, APLICADO EM BLOCOS DE COROAMENTO OU SAPATAS. AF 08/2017 | C25: m³ | D25: 0.32 | E25: =K25 -> 570.47 | F25: =ROUND(E25*(1+$G$5),2) -> 705.61 | G25: =ROUND(F25*D25,2) -> 225.8 | J25: 633.86 | K25: =IF(J25="","",ROUND(J25*(1-$K$8-I25),2)) -> 570.47 | L25: =IF(J25="","",(J25-K25)/J25) -> 0.10000631
A26: 2.3.8 | B26: ARMAÇÃO DE BLOCO, VIGA BALDRAME OU SAPATA UTILIZANDO AÇO CA- 50 DE 8 MM - MONTAGEM. AF_06/2017 | C26: kg | D26: 183.58 | E26: =K26 -> 13.72 | F26: =ROUND(E26*(1+$G$5),2) -> 16.97 | G26: =ROUND(F26*D26,2) -> 3115.35 | J26: 15.24 | K26: =IF(J26="","",ROUND(J26*(1-$K$8-I26),2)) -> 13.72 | L26: =IF(J26="","",(J26-K26)/J26) -> 0.099737533
A27: 2.3.9 | B27: MONTAGEM DE ARMADURA DE ESTACAS, DIÂMETRO = 8,0 MM. AF 09/2021 OS | C27: kg | D27: 133.71 | E27: =K27 -> 11.98 | F27: =ROUND(E27*(1+$G$5),2) -> 14.82 | G27: =ROUND(F27*D27,2) -> 1981.58 | J27: 13.31 | K27: =IF(J27="","",ROUND(J27*(1-$K$8-I27),2)) -> 11.98 | L27: =IF(J27="","",(J27-K27)/J27) -> 0.099924869
A28: 2.3.10 | B28: MONTAGEM DE ARMADURA TRANSVERSAL DE ESTACAS DE SEÇÃO CIRCULAR, DIÂMETRO = 5,0 MM. AF 09/2021_PS | C28: kg | D28: 44.52 | E28: =K28 -> 14.56 | F28: =ROUND(E28*(1+$G$5),2) -> 18.01 | G28: =ROUND(F28*D28,2) -> 801.81 | J28: 16.18 | K28: =IF(J28="","",ROUND(J28*(1-$K$8-I28),2)) -> 14.56 | L28: =IF(J28="","",(J28-K28)/J28) -> 0.10012361
A29: 2.3.11 | B29: PINTURA COM TINTA ALQUİDICA DE ACABAMENTO (ESMALTE SINTÉTICO FOSCO) PULVERIZADA SOBRE PERFIL METÁLICO EXECUTADO EM FÁBRICA (POR DEMÃO). AF 01/2020 PE | C29: m² | D29: 132.53 | E29: =K29 -> 9.65 | F29: =ROUND(E29*(1+$G$5),2) -> 11.94 | G29: =ROUND(F29*D29,2) -> 1582.41 | J29: 10.72 | K29: =IF(J29="","",ROUND(J29*(1-$K$8-I29),2)) -> 9.65 | L29: =IF(J29="","",(J29-K29)/J29) -> 0.099813433
A30: 2.3.12 | B30: PINTURA COM TINTA ALQUÍDICA DE ACABAMENTO (ESMALTE SINTÉTICO FOSCO) PULVERIZADA SOBRE SUPERFİCIES METÁLICAS (EXCETO PERFIL) EXECUTADO EM OBRA (POR DEMÃO). AF_01/2020_PE | C30: m² | D30: 132.53 | E30: =K30 -> 21.55 | F30: =ROUND(E30*(1+$G$5),2) -> 26.66 | G30: =ROUND(F30*D30,2) -> 3533.25 | J30: 23.94 | K30: =IF(J30="","",ROUND(J30*(1-$K$8-I30),2)) -> 21.55 | L30: =IF(J30="","",(J30-K30)/J30) -> 0.099832916
A31: 2.3.13 | B31: REATERRO MANUAL APILOADO COM SOQUETE. AF_10/2017 | C31: m³ | D31: 1.49 | E31: =K31 -> 40.71 | F31: =ROUND(E31*(1+$G$5),2) -> 50.35 | G31: =ROUND(F31*D31,2) -> 75.02 | J31: 45.23 | K31: =IF(J31="","",ROUND(J31*(1-$K$8-I31),2)) -> 40.71 | L31: =IF(J31="","",(J31-K31)/J31) -> 0.099933672
... A33: 2.3.15 | B33: MONTAGEM E DESMONTAGEM DE ANDAIME”TUBULAR TIPO TORRE (EXCLUSIVE ANDAIME E LIMPEZA). AF 11/2017 | C33: m | D33: 108.4 | E33: =K33 -> 17.12 | F33: =ROUND(E33*(1+$G$5),2) -> 21.18 | G33: =ROUND(F33*D33,2) -> 2295.91 | J33: 19.02 | K33: =IF(J33="","",ROUND(J33*(1-$K$8-I33),2)) -> 17.12 | L33: =IF(J33="","",(J33-K33)/J33) -> 0.099894848
A34: 2.4 | B34: QUADRA SINTÉTICA | G34: =SUM(G35:G40) -> 113842.5
A35: 2.4.1 | B35: EXECUÇÃO E COMPACTAÇÃO COM PLACA VIBRATÓRIA, DE BASE PARA QUADRA SINTÉTICA EM BRITA GRADUADA SIMPLES | C35: m³ | D35: 32.67 | E35: =K35 -> 187.15 | F35: =ROUND(E35*(1+$G$5),2) -> 231.49 | G35: =ROUND(F35*D35,2) -> 7562.78 | J35: 207.94 | K35: =IF(J35="","",ROUND(J35*(1-$K$8-I35),2)) -> 187.15 | L35: =IF(J35="","",(J35-K35)/J35) -> 0.099980764
A36: 2.4.2 | B36: EXECUÇÃO E COMPACTAÇÃO DE PÓ DE PEDRA - EXCLUSIVE CARGA E TRANSPORTE | C36: m³ | D36: 13.07 | E36: =K36 -> 116.56 | F36: =ROUND(E36*(1+$G$5),2) -> 144.17 | G36: =ROUND(F36*D36,2) -> 1884.3 | J36: 129.51 | K36: =IF(J36="","",ROUND(J36*(1-$K$8-I36),2)) -> 116.56 | L36: =IF(J36="","",(J36-K36)/J36) -> 0.099992279
A37: 2.4.3 | B37: FORNECIMENTO DE AREIA PARA QUADRA SINTÉTICA-EXCLUSIVE CARGA E TRANSPORTE | C37: m³ | D37: 5.23 | E37: =K37 -> 115.46 | F37: =ROUND(E37*(1+$G$5),2) -> 142.81 | G37: =ROUND(F37*D37,2) -> 746.9 | J37: 128.29 | K37: =IF(J37="","",ROUND(J37*(1-$K$8-I37),2)) -> 115.46 | L37: =IF(J37="","",(J37-K37)/J37) -> 0.10000779
A38: 2.4.4 | B38: TRANSPORTE COM CAMINHÃO BASCULANTE DE 6 M’, EM VIA URBANA PAVIMENTADA, DMT ATÉ 30 KM (UNIDADE: M3XKM). AF_07/2020 | C38: m³xkm | D38: 287.55 | E38: =K38 -> 2.38 | F38: =ROUND(E38*(1+$G$5),2) -> 2.94 | G38: =ROUND(F38*D38,2) -> 845.4 | J38: 2.64 | K38: =IF(J38="","",ROUND(J38*(1-$K$8-I38),2)) -> 2.38 | L38: =IF(J38="","",(J38-K38)/J38) -> 0.098484848
A39: 2.4.5 | B39: GRANULADO DE BORRACHA, TAPE E GRAMA SINTÉTICA FORNECIMENTO E INSTALACAO NAS CORES VERDE E BRANCO 52MM, GONF ORME AS ESPECIFICAÇÕES MÍNIMAS DE PROJETO , INCLUSIVE FRETE | C39: m² | D39: 653.41 | E39: =K39 -> 120.18 | F39: =ROUND(E39*(1+$G$5),2) -> 148.65 | G39: =ROUND(F39*D39,2) -> 97129.4 | J39: 133.53 | K39: =IF(J39="","",ROUND(J39*(1-$K$8-I39),2)) -> 120.18 | L39: =IF(J39="","",(J39-K39)/J39) -> 0.099977533
A40: 2.4.6 | B40: PAR DE TRAVES E REDE DE FUTEBOL SOCIETY 4x2,20 - INSTALAÇAO E FORNECIMENTO | C40: par | D40: 1 | E40: =K40 -> 4587.05 | F40: =ROUND(E40*(1+$G$5),2) -> 5673.72 | G40: =ROUND(F40*D40,2) -> 5673.72 | J40: 5096.72 | K40: =IF(J40="","",ROUND(J40*(1-$K$8-I40),2)) -> 4587.05 | L40: =IF(J40="","",(J40-K40)/J40) -> 0.099999608
A41: 2.5 | B41: DRENAGEM | G41: =SUM(G42:G52) -> 29933.28
A42: 2.5.1 | B42: TUBO PVC. SÉRIE R, ÁGUA PLUVIAL, DN 100 MM, FORNECIDO E INSTALADO EM RAMAL DE ENCAMINHAMENTO . AF_06/2022 | C42: m | D42: 53.16 | E42: =K42 -> 48.07 | F42: =ROUND(E42*(1+$G$5),2) -> 59.46 | G42: =ROUND(F42*D42,2) -> 3160.89 | J42: 53.41 | K42: =IF(J42="","",ROUND(J42*(1-$K$8-I42),2)) -> 48.07 | L42: =IF(J42="","",(J42-K42)/J42) -> 0.099981277
A43: 2.5.2 | B43: TUBO PVC DN 150 MM PARA DRENAGEM - FORNECIMENTO E INSTALAÇÃO (89576-ADAPTADA) | C43: m | D43: 61.11 | E43: =K43 -> 91.41 | F43: =ROUND(E43*(1+$G$5),2) -> 113.07 | G43: =ROUND(F43*D43,2) -> 6909.71 | J43: 101.57 | K43: =IF(J43="","",ROUND(J43*(1-$K$8-I43),2)) -> 91.41 | L43: =IF(J43="","",(J43-K43)/J43) -> 0.10002954
A44: 2.5.3 | B44: CAIXA ENTERRADA HIDRÁULICA RETANGULAR, EM ALVENARIA COM BLOCOS DE CONCRETO, DIMENSÕES INTERNAS: 0,4X0,4X0,4 M PARA REDES DE DRENAGEM COM GRELHA (99258 ADAPTADA) | C44: un | D44: 1 | E44: =K44 -> 302.63 | F44: =ROUND(E44*(1+$G$5),2) -> 374.32 | G44: =ROUND(F44*D44,2) -> 374.32 | J44: 336.26 | K44: =IF(J44="","",ROUND(J44*(1-$K$8-I44),2)) -> 302.63 | L44: =IF(J44="","",(J44-K44)/J44) -> 0.1000119
A45: 2.5.4 | B45: CAIXA ENTERRADA HIDRÁULICA RETANGULAR, EM ALVENARIA COM BLOCOS DE CONCRETO, DIMENSÕES INTERNAS: 0,8X0,8X0,6 M PARA REDES DE DRENAGEM COM TAMPA EM GRELHA AF_05/2018 (99258 ADAPTADA) | C45: un | D45: 2 | E45: =K45 -> 915.27 | F45: =ROUND(E45*(1+$G$5),2) -> 1132.1 | G45: =ROUND(F45*D45,2) -> 2264.2 | J45: 1016.97 | K45: =IF(J45="","",ROUND(J45*(1-$K$8-I45),2)) -> 915.27 | L45: =IF(J45="","",(J45-K45)/J45) -> 0.10000295
A46: 2.5.5 | B46: CAIXA ENTERRADA HIDRÁULICA RETANGULAR, EM ALVENARIA COM BLOCOS DE CONCRETO, DIMENSÕES INTERNAS: 0,4X0,4X0,8 M PARA REDES DE DRENAGEM COM TAMPA EM GRELHA AF_05/2018 (99258 ADAPTADA) | C46: un | D46: 2 | E46: =K46 -> 446.27 | F46: =ROUND(E46*(1+$G$5),2) -> 551.99 | G46: =ROUND(F46*D46,2) -> 1103.98 | J46: 495.86 | K46: =IF(J46="","",ROUND(J46*(1-$K$8-I46),2)) -> 446.27 | L46: =IF(J46="","",(J46-K46)/J46) -> 0.10000807
A47: 2.5.6 | B47: CAIXA ENTERRADA HIDRÁULICA RETANGULAR, EM ALVENARIA COM BLOCOS DE CONCRETO, DIMENSÕES INTERNAS: 0,4X0,4X0,6 M PARA REDES DE DRENAGEM COM TAMPA EM GRELHA AF_05/2018 (99258 ADAPTADA) | C47: un | D47: 2 | E47: =K47 -> 369.31 | F47: =ROUND(E47*(1+$G$5),2) -> 456.8 | G47: =ROUND(F47*D47,2) -> 913.6 | J47: 410.34 | K47: =IF(J47="","",ROUND(J47*(1-$K$8-I47),2)) -> 369.31 | L47: =IF(J47="","",(J47-K47)/J47) -> 0.099990252
A48: 2.5.7 | B48: CAIXA ENTERRADA HIDRÁULICA RETANGULAR, EM ALVENARIA COM BLOCOS DE CONCRETO, DIMENSÕES INTERNAS: 0,5X0,5X1,0 M PARA REDES DE DRENAGEM COM TAMPA EM GRELHA AF_05/2018 (99258 ADAPTADA) | C48: un | D48: 4 | E48: =K48 -> 641.59 | F48: =ROUND(E48*(1+$G$5),2) -> 793.58 | G48: =ROUND(F48*D48,2) -> 3174.32 | J48: 712.88 | K48: =IF(J48="","",ROUND(J48*(1-$K$8-I48),2)) -> 641.59 | L48: =IF(J48="","",(J48-K48)/J48) -> 0.10000281
A49: 2.5.8 | B49: CAIXA ENTERRADA HIDRÁULICA RETANGULAR, EM ALVENARIA COM BLOCOS DE CONCRETO, DIMENSÕES INTERNAS: 0,5X0,5X0,6 M PARA REDES DE DRENAGEM COM TAMPA EM GRELHA AF_05/2018 (99258 ADAPTADA) | C49: un | D49: 2 | E49: =K49 -> 357.75 | F49: =ROUND(E49*(1+$G$5),2) -> 442.5 | G49: =ROUND(F49*D49,2) -> 885 | J49: 397.5 | K49: =IF(J49="","",ROUND(J49*(1-$K$8-I49),2)) -> 357.75 | L49: =IF(J49="","",(J49-K49)/J49) -> 0.1
A50: 2.5.9 | B50: CANALETA - PADRÃO SUDECAP - TIPO 3-30X20CM CONCRETO 20MPA C/ TAMPA DE CONCRETO | C50: m | D50: 38.06 | E50: =K50 -> 179.95 | F50: =ROUND(E50*(1+$G$5),2) -> 222.58 | G50: =ROUND(F50*D50,2) -> 8471.39 | J50: 199.94 | K50: =IF(J50="","",ROUND(J50*(1-$K$8-I50),2)) -> 179.95 | L50: =IF(J50="","",(J50-K50)/J50) -> 0.099979994
A51: 2.5.10 | B51: REATERRO MANUAL DE VALAS COM COMPACTAÇÃO MECANIZADA. AF_04/2016 | C51: m³ | D51: 4.1 | E51: =K51 -> 27.13 | F51: =ROUND(E51*(1+$G$5),2) -> 33.56 | G51: =ROUND(F51*D51,2) -> 137.6 | J51: 30.14 | K51: =IF(J51="","",ROUND(J51*(1-$K$8-I51),2)) -> 27.13 | L51: =IF(J51="","",(J51-K51)/J51) -> 0.099867286
A52: 2.5.11 | B52: REATERRO MECANIZADO DE VALA COM ESCAVADEIRA HIDRÁULICA (CAPACIDADE DA CAÇAMBA: 0,8 M³ / POTÊNCIA: 111 HP), LARGURA ATÉ 1,5 M, PROFUNDIDADE DE 1,5 A 3,0 M, COM SOLO DE 1ª CATEGORIA EM LOCAIS COM ALTO NÍVEL DE INTERFERÊNCIA. AF_10/2020 | C52: m³ | D52: 120.87 | E52: =K52 -> 16.98 | F52: =ROUND(E52*(1+$G$5),2) -> 21 | G52: =ROUND(F52*D52,2) -> 2538.27 | J52: 18.87 | K52: =IF(J52="","",ROUND(J52*(1-$K$8-I52),2)) -> 16.98 | L52: =IF(J52="","",(J52-K52)/J52) -> 0.10015898
A53: 2.6 | B53: ILUMINAÇÃO | G53: =SUM(G54:G68) -> 23449.36
A54: 2.6.1 | B54: CONECTOR METALICO TIPO PARA FUSO FENDIDO (SPLIT BOLT), PARA CABOS ATE 16 MM2 | C54: un | D54: 18 | E54: =K54 -> 7.63 | F54: =ROUND(E54*(1+$G$5),2) -> 9.44 | G54: =ROUND(F54*D54,2) -> 169.92 | J54: 8.48 | K54: =IF(J54="","",ROUND(J54*(1-$K$8-I54),2)) -> 7.63 | L54: =IF(J54="","",(J54-K54)/J54) -> 0.10023585
A55: 2.6.2 | B55: CAIXA E ACESSORIOS - TIPO ZA PASSEIO COM TAMPA ARTICULADA 28X 28X40 CM | C55: un | D55: 6 | E55: =K55 -> 211.91 | F55: =ROUND(E55*(1+$G$5),2) -> 262.11 | G55: =ROUND(F55*D55,2) -> 1572.66 | J55: 235.45 | K55: =IF(J55="","",ROUND(J55*(1-$K$8-I55),2)) -> 211.91 | L55: =IF(J55="","",(J55-K55)/J55) -> 0.099978764
A56: 2.6.3 | B56: QUADRO DE MEDIÇÃO GERAL DE ENERGIA PARA 1 MEDIDOR DE SOBREPOR - FORNECIMENTO E INSTALAÇÃO. AF 10/2020 | C56: un | D56: 1 | E56: =K56 -> 137.9 | F56: =ROUND(E56*(1+$G$5),2) -> 170.57 | G56: =ROUND(F56*D56,2) -> 170.57 | J56: 153.22 | K56: =IF(J56="","",ROUND(J56*(1-$K$8-I56),2)) -> 137.9 | L56: =IF(J56="","",(J56-K56)/J56) -> 0.099986947
A57: 2.6.4 | B57: CONTATOR MODULAR 2P 25A - FORNECIMENTO E INSTALAÇÃO | C57: un | D57: 1 | E57: =K57 -> 267.42 | F57: =ROUND(E57*(1+$G$5),2) -> 330.77 | G57: =ROUND(F57*D57,2) -> 330.77 | J57: 297.13 | K57: =IF(J57="","",ROUND(J57*(1-$K$8-I57),2)) -> 267.42 | L57: =IF(J57="","",(J57-K57)/J57) -> 0.099989903
A58: 2.6.5 | B58: BOTOEIRA COMANDO MANUAL TIPO LIGA/DESLIGA | C58: un | D58: 1 | E58: =K58 -> 52.17 | F58: =ROUND(E58*(1+$G$5),2) -> 64.53 | G58: =ROUND(F58*D58,2) -> 64.53 | J58: 57.97 | K58: =IF(J58="","",ROUND(J58*(1-$K$8-I58),2)) -> 52.17 | L58: =IF(J58="","",(J58-K58)/J58) -> 0.10005175
A59: 2.6.6 | B59: DISJUNTOR BIPOLAR TIPO DIN, CORRENTE NOMINAL DE 16A - FORNECIMENTO E INSTALAÇÃO. AF_10/2020 | C59: un | D59: 1 | E59: =K59 -> 85.37 | F59: =ROUND(E59*(1+$G$5),2) -> 105.59 | G59: =ROUND(F59*D59,2) -> 105.59 | J59: 94.85 | K59: =IF(J59="","",ROUND(J59*(1-$K$8-I59),2)) -> 85.37 | L59: =IF(J59="","",(J59-K59)/J59) -> 0.099947285
A60: 2.6.7 | B60: DISJUNTOR DPS 175V - 40KA - 93661 ADAPTADA | C60: un | D60: 2 | E60: =K60 -> 155.01 | F60: =ROUND(E60*(1+$G$5),2) -> 191.73 | G60: =ROUND(F60*D60,2) -> 383.46 | J60: 172.23 | K60: =IF(J60="","",ROUND(J60*(1-$K$8-I60),2)) -> 155.01 | L60: =IF(J60="","",(J60-K60)/J60) -> 0.099982581
A61: 2.6.8 | B61: IDR 2 POLOS 230V - 30mA - 25A - 93661 ADAPTADA | C61: un | D61: 1 | E61: =K61 -> 219.02 | F61: =ROUND(E61*(1+$G$5),2) -> 270.91 | G61: =ROUND(F61*D61,2) -> 270.91 | J61: 243.36 | K61: =IF(J61="","",ROUND(J61*(1-$K$8-I61),2)) -> 219.02 | L61: =IF(J61="","",(J61-K61)/J61) -> 0.10001644
A62: 2.6.9 | B62: ELETRODUTO FLEXÍVEL CORRUGADO REFORÇADO, PVC, DN 32 MM (1"), PARA CIRCUITOS TERMINAIS, INSTALADO EM LAJE (PISO) - FORNECIMENTO E INSTALAÇÃO. AF_12/2015 | C62: m | D62: 89.1 | E62: =K62 -> 13.38 | F62: =ROUND(E62*(1+$G$5),2) -> 16.55 | G62: =ROUND(F62*D62,2) -> 1474.61 | J62: 14.87 | K62: =IF(J62="","",ROUND(J62*(1-$K$8-I62),2)) -> 13.38 | L62: =IF(J62="","",(J62-K62)/J62) -> 0.10020175
A63: 2.6.10 | B63: ELETRODUTO FLEXÍVEL CORRUGADO , PVC, DN 25 MM (3/4"), PARA CIRCUITOS TERMINAIS, INSTALADO EM POSTE - FORNECIMENTO E INSTALAÇÃO. AF 12/2015 | C63: m | D63: 56.8 | E63: =K63 -> 8.99 | F63: =ROUND(E63*(1+$G$5),2) -> 11.12 | G63: =ROUND(F63*D63,2) -> 631.62 | J63: 9.99 | K63: =IF(J63="","",ROUND(J63*(1-$K$8-I63),2)) -> 8.99 | L63: =IF(J63="","",(J63-K63)/J63) -> 0.1001001
A64: 2.6.11 | B64: REFLETOR 100W MINIMO 10000 LÚMENS LUZ BRANCA 5000K BIVOLT DRIVER INTEGRADO DO TIPO LEDVANCE FLOODLIGHT, ESAT TW4002192MS, OU SIMILAR - INSTALADO | C64: m | D64: 12 | E64: =K64 -> 205.75 | F64: =ROUND(E64*(1+$G$5),2) -> 254.49 | G64: =ROUND(F64*D64,2) -> 3053.88 | J64: 228.61 | K64: =IF(J64="","",ROUND(J64*(1-$K$8-I64),2)) -> 205.75 | L64: =IF(J64="","",(J64-K64)/J64) -> 0.099995626
A65: 2.6.12 | B65: POSTE CONICO CONTINUO EM AÇO GALVANIZADO, RETO, ENGASTADO, H = 7 M, DIAMETRO INFERIOR = *125* MM - FORNECIMENTO E INSTALAÇÃO - SINAPI 100622 ADAPTADA | C65: un | D65: 6 | E65: =K65 -> 1500.73 | F65: =ROUND(E65*(1+$G$5),2) -> 1856.25 | G65: =ROUND(F65*D65,2) -> 11137.5 | J65: 1667.48 | K65: =IF(J65="","",ROUND(J65*(1-$K$8-I65),2)) -> 1500.73 | L65: =IF(J65="","",(J65-K65)/J65) -> 0.1000012
... A68: 2.6.15 | B68: CABO DE COBRE FLEXÍVEL ISOLADO , 2,5 MM’, ANTI-CHAMA 0,6/1, 0 KV, PARA CIRCUITOS TERMINAIS - FORNECIMENTO E INSTALAÇÃO. AF 12/2015 | C68: m | D68: 437.2 | E68: =K68 -> 4.03 | F68: =ROUND(E68*(1+$G$5),2) -> 4.98 | G68: =ROUND(F68*D68,2) -> 2177.26 | J68: 4.48 | K68: =IF(J68="","",ROUND(J68*(1-$K$8-I68),2)) -> 4.03 | L68: =IF(J68="","",(J68-K68)/J68) -> 0.10044643
A69: 2.7 | B69: RECUPERAÇÃO DO TALUDE | G69: =SUM(G70:G74) -> 16160.03
A70: 2.7.1 | B70: ATERRO COMPACTADO - COM PLACA VIBRATORIA | C70: m³ | D70: 284.56 | E70: =K70 -> 19.52 | F70: =ROUND(E70*(1+$G$5),2) -> 24.14 | G70: =ROUND(F70*D70,2) -> 6869.28 | J70: 21.69 | K70: =IF(J70="","",ROUND(J70*(1-$K$8-I70),2)) -> 19.52 | L70: =IF(J70="","",(J70-K70)/J70) -> 0.1000461
A71: 2.7.2 | B71: ESCAVAÇÃO VERTICAL A CÉU ABERTO, EM OBRAS DE INFRAESTRUTURA, INCLUINDO CARGA, DESCARGA E TRANSPORTE, EM SOLO DE 1ª CATEGORIA COM ESCAVADEIRA HIDRÁULICA (CAÇAMBA: 1,2 M³ / 155 HP), FROTA DE 3 CAMINHÕES BASCULANTES DE 18 M³, DMT ATÉ 1 KM E VELOCIDADE MÉDIA 14KM/H. AF_05/2020 | C71: m³ | D71: 284.56 | E71: =K71 -> 7.54 | F71: =ROUND(E71*(1+$G$5),2) -> 9.33 | G71: =ROUND(F71*D71,2) -> 2654.94 | J71: 8.38 | K71: =IF(J71="","",ROUND(J71*(1-$K$8-I71),2)) -> 7.54 | L71: =IF(J71="","",(J71-K71)/J71) -> 0.10023866
A72: 2.7.3 | B72: TRANSPORTE COM CAMINHÃO BASCULANTE DE 10 M³, EM VIA URBANA PAVIMENTADA, DMT ATÉ 30 KM (UNIDADE: M3XKM). AF_07/2020 | C72: m³xkm | D72: 190.94 | E72: =K72 -> 2.04 | F72: =ROUND(E72*(1+$G$5),2) -> 2.52 | G72: =ROUND(F72*D72,2) -> 481.17 | J72: 2.27 | K72: =IF(J72="","",ROUND(J72*(1-$K$8-I72),2)) -> 2.04 | L72: =IF(J72="","",(J72-K72)/J72) -> 0.10132159
A73: 2.7.4 | B73: PLANTIO DE GRAMA BATATAIS EM PLACAS. AF_05/2018 | C73: m² | D73: 222.26 | E73: =K73 -> 12.36 | F73: =ROUND(E73*(1+$G$5),2) -> 15.29 | G73: =ROUND(F73*D73,2) -> 3398.36 | J73: 13.73 | K73: =IF(J73="","",ROUND(J73*(1-$K$8-I73),2)) -> 12.36 | L73: =IF(J73="","",(J73-K73)/J73) -> 0.0997815
A74: 2.7.5 | B74: TERRA VEGETAL (GRANEL) | C74: m³ | D74: 11.11 | E74: =K74 -> 200.57 | F74: =ROUND(E74*(1+$G$5),2) -> 248.09 | G74: =ROUND(F74*D74,2) -> 2756.28 | J74: 222.85 | K74: =IF(J74="","",ROUND(J74*(1-$K$8-I74),2)) -> 200.57 | L74: =IF(J74="","",(J74-K74)/J74) -> 0.099977563
A75: 2.8 | B75: SERVIÇOS COMPLEMENTARES | G75: =SUM(G76:G94) -> 80682.29
A76: 2.8.1 | B76: EXECUÇÃO DE PASSEIO (CALÇADA) OU PISO DE CONCRETO COM CONCRETO MOLDADO IN LOCO, USINADO, ACABAMENTO CONVENCIONAL, NÃO ARMADO. AF 08/2022 | C76: m³ | D76: 24.39 | E76: =K76 -> 728.95 | F76: =ROUND(E76*(1+$G$5),2) -> 901.64 | G76: =ROUND(F76*D76,2) -> 21991 | J76: 809.94 | K76: =IF(J76="","",ROUND(J76*(1-$K$8-I76),2)) -> 728.95 | L76: =IF(J76="","",(J76-K76)/J76) -> 0.099995061
A77: 2.8.2 | B77: PORTÃO EM TUBOS DE AÇO GALVANIZADO 2 1/2", COM COSTURA, DIN 244 0, COM TELA DE ARAME GALVANIZADO, FIO 14 BWG E MALHA QUADRADA 5x5CM - 2 FOLHAS 1,5X2,10. | C77: un | D77: 1 | E77: =K77 -> 1814.9 | F77: =ROUND(E77*(1+$G$5),2) -> 2244.85 | G77: =ROUND(F77*D77,2) -> 2244.85 | J77: 2016.56 | K77: =IF(J77="","",ROUND(J77*(1-$K$8-I77),2)) -> 1814.9 | L77: =IF(J77="","",(J77-K77)/J77) -> 0.10000198
A78: 2.8.3 | B78: PINTURA COM TINTA ALQUÍDICA DE ACABAMENTO (ESMALTE SINTÉTICO BRILHANTE) PULVERIZADA SOBRE SUPERFÍCIES METÁLICAS (EXCETO PERFIL) EXECUTADA EM OBRA (POR DEMÃO). AF_01/2020_PE | C78: m² | D78: 2.87 | E78: =K78 -> 21.45 | F78: =ROUND(E78*(1+$G$5),2) -> 26.53 | G78: =ROUND(F78*D78,2) -> 76.14 | J78: 23.83 | K78: =IF(J78="","",ROUND(J78*(1-$K$8-I78),2)) -> 21.45 | L78: =IF(J78="","",(J78-K78)/J78) -> 0.099874108
A79: 2.8.4 | B79: ASSENTAMENTO DE GUIA (MEIO-FIO) EM TRECHO RETO, CONFECCIONADA EM CONCRETO PRÉ-FABRICADO, DIMENSÕES 1OOX 15X 13X30 CM (COMPRIMENTO X BASE INFERIOR X BASE SUPERIOR X ALTURA), PARA VIAS URBANAS (USO VIÁRIO). AF_06/2016 | C79: m | D79: 144 | E79: =K79 -> 63.19 | F79: =ROUND(E79*(1+$G$5),2) -> 78.16 | G79: =ROUND(F79*D79,2) -> 11255.04 | J79: 70.21 | K79: =IF(J79="","",ROUND(J79*(1-$K$8-I79),2)) -> 63.19 | L79: =IF(J79="","",(J79-K79)/J79) -> 0.099985757
A80: 2.8.5 | B80: BANCO E MESAS - BANCO PRÉ-MOLDADO CONCRETO 45X150X45CM PREMO/EQUIVALENTE | C80: un | D80: 4 | E80: =K80 -> 495.99 | F80: =ROUND(E80*(1+$G$5),2) -> 613.49 | G80: =ROUND(F80*D80,2) -> 2453.96 | J80: 551.1 | K80: =IF(J80="","",ROUND(J80*(1-$K$8-I80),2)) -> 495.99 | L80: =IF(J80="","",(J80-K80)/J80) -> 0.1
A81: 2.8.6 | B81: RAMPA PARA ACESSO DE DEFICIENTE, EM CONCRETO SIMPLES FCK = 25 MPA, DESEMPENADA | C81: un | D81: 1 | E81: =K81 -> 185.18 | F81: =ROUND(E81*(1+$G$5),2) -> 229.05 | G81: =ROUND(F81*D81,2) -> 229.05 | J81: 205.75 | K81: =IF(J81="","",ROUND(J81*(1-$K$8-I81),2)) -> 185.18 | L81: =IF(J81="","",(J81-K81)/J81) -> 0.099975699
A82: 2.8.7 | B82: PISO PODOTÁTIL DE CONCRETO , ALERTA. APLICADO EM PISO (40X40CM) COM JUNTA SECA, COR VERMELHO/AMARELO, ASSENTAMENTO COM ARGAMASSA INDUSTRIALIZADA, INCLUSIVE FORNECIMENTO E INSTALAÇÃO | C82: m² | D82: 0.48 | E82: =K82 -> 111.37 | F82: =ROUND(E82*(1+$G$5),2) -> 137.75 | G82: =ROUND(F82*D82,2) -> 66.12 | J82: 123.74 | K82: =IF(J82="","",ROUND(J82*(1-$K$8-I82),2)) -> 111.37 | L82: =IF(J82="","",(J82-K82)/J82) -> 0.099967674
A83: 2.8.8 | B83: LANÇAMENTO E ESPALHAMENTO DE SOLO OU MATERIAL DE DEMOLIÇÃO EM ÁREA DE PASSEIO EXCLUSIVE APILOAMENTO | C83: m³ | D83: 36.59 | E83: =K83 -> 18.65 | F83: =ROUND(E83*(1+$G$5),2) -> 23.07 | G83: =ROUND(F83*D83,2) -> 844.13 | J83: 20.72 | K83: =IF(J83="","",ROUND(J83*(1-$K$8-I83),2)) -> 18.65 | L83: =IF(J83="","",(J83-K83)/J83) -> 0.099903475
A84: 2.8.9 | B84: FABRICAÇÃO E MONTAGEM DE FORMA PARA ESCADAS, COM MÚLTIPLOS LANCES, EM CHAPA DE MADEIRA COMPENSADA RESINADA, E=17 MM. AF_01/2017 | C84: un | D84: 1 | E84: =K84 -> 1924.41 | F84: =ROUND(E84*(1+$G$5),2) -> 2380.3 | G84: =ROUND(F84*D84,2) -> 2380.3 | J84: 2138.23 | K84: =IF(J84="","",ROUND(J84*(1-$K$8-I84),2)) -> 1924.41 | L84: =IF(J84="","",(J84-K84)/J84) -> 0.099998597
A85: 2.8.10 | B85: CONCRETAGEM DE ELEMENTOS DE FUNDAÇÃO, FCK 25 MPA, COM USO DE BOMBA LANÇAMENTO, ADENSAMENTO E ACABAMENTO. AF_06/2017 | C85: m³ | D85: 2.73 | E85: =K85 -> 674.99 | F85: =ROUND(E85*(1+$G$5),2) -> 834.9 | G85: =ROUND(F85*D85,2) -> 2279.28 | J85: 749.99 | K85: =IF(J85="","",ROUND(J85*(1-$K$8-I85),2)) -> 674.99 | L85: =IF(J85="","",(J85-K85)/J85) -> 0.10000133
A86: 2.8.11 | B86: ARMAÇÃO DE ESCADA, DE UMA ESTRUTURA CONVENCIONAL DE CONCRETO ARMADO UTILIZANDO AÇO CA-60 DE 5,0 MM - MONTAGEM. AF 11/2020 | C86: kg | D86: 19.73 | E86: =K86 -> 19.76 | F86: =ROUND(E86*(1+$G$5),2) -> 24.44 | G86: =ROUND(F86*D86,2) -> 482.2 | J86: 21.96 | K86: =IF(J86="","",ROUND(J86*(1-$K$8-I86),2)) -> 19.76 | L86: =IF(J86="","",(J86-K86)/J86) -> 0.10018215
A87: 2.8.12 | B87: ARMAÇÃO DE ESCADA, DE UMA ESTRUTURA CONVENCIONAL DE CONCRETO ARMADO UTILIZANDO AÇO CA-50 DE 6,3 MM - MONTAGEM. AF J1/2020 | C87: kg | D87: 25.07 | E87: =K87 -> 18.14 | F87: =ROUND(E87*(1+$G$5),2) -> 22.44 | G87: =ROUND(F87*D87,2) -> 562.57 | J87: 20.15 | K87: =IF(J87="","",ROUND(J87*(1-$K$8-I87),2)) -> 18.14 | L87: =IF(J87="","",(J87-K87)/J87) -> 0.099751861
... A94: 2.8.19 | B94: TRANSPORTE EM CAÇAMBA (5M³) | C94: un | D94: 1 | E94: =K94 -> 252 | F94: =ROUND(E94*(1+$G$5),2) -> 311.7 | G94: =ROUND(F94*D94,2) -> 311.7 | J94: 280 | K94: =IF(J94="","",ROUND(J94*(1-$K$8-I94),2)) -> 252 | L94: =IF(J94="","",(J94-K94)/J94) -> 0.1
A96: Três Pontas, 02 de agosto de 2023
A104: ENGETELA COMÉRCIO E SERVIÇOS LTDA – CNPJ: 12.721.248/0001-20
A105: Thiago Correa de Almeida – Procurador
A106: RG: MG12037684 SSP/MG – CPF: 083.409.306-56

Sheet CRONOGRAMA
A1: A Prefeitura Municipal de Santa Luzia - MG Objeto: construção de Quadras Sintéticas Tomada de Preço Nº 066/2023 Processo Administrativo Nº 7400/2023
A2: CRONOGRAMA FÍSICO-FINANCEIRO
A3: Item | B3: Descrição | E3: Valor (R$) | F3: Parcelas: | G3: 1 | H3: 2 | I3: 3 | J3: 4 | K3: 5 | L3: 6
A5: 1. | B5: =[1]ORÇAMENTO!B6 -> QUADRA SINTÉTICA PALMITAL | E5: =[1]ORÇAMENTO!G6 -> 446676.21 | F5: % Período:
A7: 1.1. | B7: =[1]ORÇAMENTO!B7 -> SERVIÇOS PRELIMINARES | E7: =[1]ORÇAMENTO!G7 -> 25122.52 | F7: % Período:
A9: 1.2. | B9: =[1]ORÇAMENTO!B13 -> ADMINISTRAÇÃO LOCAL | E9: =[1]ORÇAMENTO!G13 -> 36540.3 | F9: % Período:
A11: 1.3. | B11: =[1]ORÇAMENTO!B18 -> DEMOLIÇÕES, REMOÇÕES E LIMPEZA | E11: =[1]ORÇAMENTO!G18 -> 1117.7 | F11: % Período:
A13: 1.4. | B13: =[1]ORÇAMENTO!B21 -> MUROS DE CONTENÇÃO | E13: =[1]ORÇAMENTO!G21 -> 104589.75 | F13: % Período:
A15: 1.5. | B15: =[1]ORÇAMENTO!B40 -> ALAMBRADO/FUNDAÇÃO DO ALAMBRADO | E15: =[1]ORÇAMENTO!G40 -> 110869.93 | F15: % Período:
A17: 1.6. | B17: =[1]ORÇAMENTO!B56 -> QUADRA SINTÉTICA | E17: =[1]ORÇAMENTO!G56 -> 101357.51 | F17: % Período:
A19: 1.7. | B19: =[1]ORÇAMENTO!B63 -> ILUMINAÇÃO | E19: =[1]ORÇAMENTO!G63 -> 25940.57 | F19: % Período:
A21: 1.8. | B21: =[1]ORÇAMENTO!B87 -> SERVIÇOS COMPLEMENTARES | E21: =[1]ORÇAMENTO!G87 -> 41137.93 | F21: % Período:
A23: 2. | B23: =[1]ORÇAMENTO!B95 -> QUADRA SINTÉTICA CURUMIM | E23: =[1]ORÇAMENTO!G95 -> 436015.94 | F23: % Período: | G23: 0.3419 | H23: 0.2492 | I23: 0.4089
G24: =$E$23*G23 -> 149073.85 | H24: =$E$23*H23 -> 108655.17 | I24: =$E$23*I23 -> 178286.92
A25: 2.1. | B25: =[1]ORÇAMENTO!B96 -> SERVIÇOS PRELIMINARES | E25: =[1]ORÇAMENTO!G96 -> 26384.32 | F25: % Período: | G25: 1
G26: =$E$25*G25 -> 26384.32
A27: 2.2. | B27: =[1]ORÇAMENTO!B102 -> ADMINISTRAÇÃO LOCAL | E27: =[1]ORÇAMENTO!G102 -> 36540.3 | F27: % Período: | I27: 1
I28: =$E$27*I27 -> 36540.3
A29: 2.3. | B29: =[1]ORÇAMENTO!B107 -> ALAMBRADO/FUNDAÇÃO DO ALAMBRADO | E29: =[1]ORÇAMENTO!G107 -> 109023.86 | F29: % Período: | G29: 1
G30: =$E$29*G29 -> 109023.86
A31: 2.4. | B31: =[1]ORÇAMENTO!B123 -> QUADRA SINTÉTICA | E31: =[1]ORÇAMENTO!G123 -> 113842.5 | F31: % Período: | H31: 1
H32: =$E$31*H31 -> 113842.5
A33: 2.5. | B33: =[1]ORÇAMENTO!B130 -> DRENAGEM | E33: =[1]ORÇAMENTO!G130 -> 29933.28 | F33: % Período: | I33: 1
I34: =$E$33*I33 -> 29933.28
A35: 2.6. | B35: =[1]ORÇAMENTO!B142 -> ILUMINAÇÃO | E35: =[1]ORÇAMENTO!G142 -> 23449.36 | F35: % Período: | I35: 1
I36: =$E$35*I35 -> 23449.36
A37: 2.7. | B37: =[1]ORÇAMENTO!B158 -> RECUPERAÇÃO DO TALUDE | E37: =[1]ORÇAMENTO!G158 -> 16160.03 | F37: % Período: | I37: 1
I38: =$E$37*I37 -> 16160.03
A39: 2.8. | B39: =[1]ORÇAMENTO!B164 -> SERVIÇOS COMPLEMENTARES | E39: =[1]ORÇAMENTO!G164 -> 80682.29 | F39: % Período: | I39: 1
I40: =$E$39*I39 -> 80682.29
A41: Total: | B41: =E23 -> 436015.94 | D41: Período: | E41: %: | G41: =G42/$B$41 -> 0.31055787 | H41: =H42/$B$41 -> 0.26109711 | I41: =I42/$B$41 -> 0.42834503
E42: Repasse: | G42: =SUM(G8,G12,G14,G10,G16,G18,G20,G22,G26,G28,G30,G32,G34,G36,G38,G40) -> 135408.18 | H42: =SUM(H8,H12,H14,H10,H16,H18,H20,H22,H26,H28,H30,H32,H34,H36,H38,H40) -> 113842.5 | I42: =SUM(I8,I12,I14,I10,I16,I18,I20,I22,I26,I28,I30,I32,I34,I36,I38,I40) -> 186765.26
E43: Contrapartida: | G43: - | H43: - | I43: -
E44: Outros: | G44: - | H44: - | I44: -
E45: Investimento: | G45: =G42 -> 135408.18 | H45: =H42 -> 113842.5 | I45: =I42 -> 186765.26
D46: Acumulado: | E46: %: | G46: =G41 -> 0.31055787 | H46: =G46+H41 -> 0.57165497 | I46: =H46+I41 -> 1
E47: Repasse: | G47: =G42 -> 135408.18 | H47: =G47+H42 -> 249250.68 | I47: =H47+I42 -> 436015.94
E48: Contrapartida: | G48: - | H48: - | I48: -
E49: Outros: | G49: - | H49: - | I49: -
E50: Investimento: | G50: =G45 -> 135408.18 | H50: =G50+H45 -> 249250.68 | I50: =H50+I45 -> 436015.94
A52: Três Pontas, 02 de agosto de 2023
A58: ENGETELA COMÉRCIO E SERVIÇOS LTDA – CNPJ: 12.721.248/0001-20
A59: Thiago Correa de Almeida – Procurador
A60: RG: MG12037684 SSP/MG – CPF: 083.409.306-56

Sheet BDI
A1: A Prefeitura Municipal de Santa Luzia - MG Objeto: construção de Quadras Sintéticas Tomada de Preço Nº 066/2023 Processo Administrativo Nº 7400/2023
A2: BDI
A3: ITENS | C3: SIGLA | D3: % ADOTADA
A4: Administração Central | C4: AC | D4: 0.0467
A5: Seguro e Garantia | C5: SG | D5: 0.004
A6: Risco | C6: R | D6: 0.0056
A7: Despesas Financeiras | C7: DF | D7: 0.0111
A8: Lucro | C8: L | D8: 0.0869
A9: Tributos (impostos COFINS 3%, e PIS 0,65%) | C9: CP | D9: 0.0365
A10: Tributos (ISS, variável de acordo com o município) | C10: ISS | D10: 0.025
A11: Tributos (Contribuição Previdenciária sobre a Receita Bruta - 0% ou 4,5% - Desoneração) | C11: CPRB | D11: 0
A12: BDI SEM desoneração (Fórmula Acórdão TCU) | C12: BDI PAD | D12: =(((1+D4+D5+D6)*(1+D7)*(1+D8))/(1-D9-D10-D11))-1 -> 0.23690602
A13: Os valores de BDI foram calculados com o emprego da fórmula:
A14: BDI = | B14: (1+AC + S + R + G)*(1 + DF)*(1+L) | D14: -1
B15: (1-CP-ISS-CRPB)
A16: Declaro para os devidos fins que, conforme legislação tributária municipal, a base de cálculo deste tipo de obra corresponde à 100%, com a respectiva alíquota de 3%.
A18: Declaro para os devidos fins que o regime de Contribuição Previdenciária sobre a Receita Bruta adotado para elaboração do orçamento foi SEM Desoneração, e que esta é a alternativa mais adequada para a Administração Pública.
A20: Três Pontas, 02 de agosto de 2023
A27: ENGETELA COMÉRCIO E SERVIÇOS LTDA – CNPJ: 12.721.248/0001-20
A28: Thiago Correa de Almeida – Procurador
A29: RG: MG12037684 SSP/MG – CPF: 083.409.306-56
